 Dungeon Crawl Stone Soup version 0.31-a0-876-gfe8ebadbca (webtiles) character file.

Game seed: 12837676673968967525

52 Naiya55 the Chiller (level 3, -6/28 HPs)
             Began as a Naga Ice Elementalist on Oct 13, 2023.
             Mangled by Sigmund
             ... wielding a +3 scythe of venom
              (11 damage)
             ... on level 2 of the Dungeon.
             The game lasted 00:02:37 (1260 turns).

Naiya55 the Chiller (Naga Ice Elementalist)         Turns: 1260, Time: 00:02:38

Health: -6/28      AC:  2    Str: 10    XL:     3   Next: 85%
Magic:  4/6        EV:  9    Int: 17    God:
Gold:   62         SH:  0    Dex: 11    Spells: 5/6 levels left

rFire   . . .        d - +1 dagger (drain)
rCold   . . .        (no shield)
rNeg    . . .        a - +0 robe
rPois   +            (no helmet)
rElec   .            (no cloak)
rCorr   .            (no gloves)
SInv    +            (no barding)
Will    .....        (no amulet)
Stlth   ++           (no ring)
HPRegen 0.24/turn    (no ring)
MPRegen 0.10/turn

%: no passive effects
@: short of breath, very slow
A: AC +1, large, see invisible, deformed body, poison resistance, slowness 2,
spit poison 1, naga tail 1
a: Spit Poison


You were on level 2 of the Dungeon.
You visited 1 branch of the dungeon, and saw 2 of its levels.

You collected 112 gold pieces.
You spent 50 gold pieces at shops.

Inventory:

Hand Weapons
 d - a +1 dagger of draining (weapon)
Armour
 a - a +0 robe (worn)
Scrolls
 e - a scroll of enchant armour {unknown}
 f - 2 scrolls of teleportation
 h - a scroll of immolation {unknown}
 i - 2 scrolls of identify
 j - a scroll of vulnerability {unknown}
 k - a scroll of poison {unknown}
Potions
 b - a potion of magic
 c - a potion of mutation {unknown}
 g - 3 potions of attraction {unknown}
 l - a potion of haste {unknown}


   Skills:
 - Level 1.5 Dodging
 - Level 3.0 Stealth
 - Level 2.0 Spellcasting
 + Level 5.4 Ice Magic


You had 5 spell levels left.
You knew the following spells:

 Your Spells              Type           Power      Damage    Failure   Level
a - Freeze                Ice            80%        1d9       2%          1

Your spell library contained the following spells:

 Spells                   Type           Power      Damage    Failure   Level
 Frozen Ramparts          Ice            40%        1d7       6%          3
 Ozocubu's Armour         Ice            20%        N/A       6%          3
 Summon Small Mammal      Summ           4%         N/A       19%         1
 Call Canine Familiar     Summ           1%         N/A       50%         3
 Summon Guardian Golem    Hex/Summ       1%         N/A       50%         3
 Summon Ice Beast         Ice/Summ       10%        N/A       54%         4


Dungeon Overview and Level Annotations

Branches:
Dungeon (2/15)

Altars:

Shops:
D:2 ?

Annotations:
D:2 Sigmund


Innate Abilities, Weirdness & Mutations

Your serpentine skin is tough. (AC +1)
You have supernaturally acute eyesight. (SInv)
Armour fits poorly on your strangely shaped body.
Your system is resistant to poisons. (rPois)
You cover ground very slowly.
You can spit poison.
You have a snake-like lower body.


Message History

Aiming: Freeze (safe; 2% risk of failure)
Press: ? - help, Shift-Dir - straight line, f - hobgoblin
Aim: a hobgoblin (almost dead, heavily drained)
You freeze the hobgoblin.
You kill the hobgoblin!
HP restored.
Found a stone staircase leading up.
There is a stone staircase leading up here.
Sigmund the Dreaded comes into view.
He is wielding a +3 scythe of venom.
Sigmund is nearby!
Sigmund is nearby!
Sigmund is nearby!
Sigmund shouts!
Aiming: Spit Poison (2% risk of failure)
Press: ? - help, Shift-Dir - straight line, f - Sigmund
Aim: Sigmund, wielding a +3 scythe of venom and wearing a +0 robe (54% to hit)
The splash of poison hits Sigmund.
Sigmund is poisoned.
Sigmund is lightly wounded.
Sigmund hits you from afar with a +3 scythe of venom!
Sigmund hits you with a +3 scythe of venom!
* * * LOW HITPOINT WARNING * * *
Casting: Freeze (safe; 2% risk of failure)
Confirm with . or Enter, or press ? or * to list all spells.
Aiming: Freeze (safe; 2% risk of failure)
Press: ? - help, Shift-Dir - straight line, f/p - Sigmund
Aim: Sigmund, wielding a +3 scythe of venom and wearing a +0 robe (lightly wounded, poisoned)
You freeze Sigmund!
Sigmund is heavily wounded.
Sigmund hits you with a +3 scythe of venom.
* * * LOW HITPOINT WARNING * * *
Casting: Freeze (safe; 2% risk of failure)
Confirm with . or Enter, or press ? or * to list all spells.
Aiming: Freeze (safe; 2% risk of failure)
Press: ? - help, Shift-Dir - straight line, f/p - Sigmund
Aim: Sigmund, wielding a +3 scythe of venom and wearing a +0 robe (heavily wounded, poisoned)
You freeze Sigmund.
Sigmund is severely wounded.
Sigmund hits you with a +3 scythe of venom!
You die...
Sigmund begins carving another notch in his scythe.

############.#
#.......@@...#
#.#########.....
#.# ... #.# .
#.# #.# ####.#
#....# #.####


You could see Sigmund (poisoned).

Vanquished Creatures
  Natasha (D:2)
  A dart slug (D:1)
  3 ball pythons (D:1)
  3 bats (D:1)
  2 endoplasms (D:1)
  A goblin (D:1)
  3 hobgoblins
  4 jackals (D:1)
  A quokka (D:1)
  2 frilled lizards (D:1)
  2 kobolds
23 creatures vanquished.

Notes
Turn   | Place    | Note
-------+----------+-------------------------------------------
     0 | D:1      | Naiya55 the Naga Ice Elementalist began the quest for the
                  | Orb.
     0 | D:1      | Reached XP level 1. HP: 15/15 MP: 3/3
   282 | D:1      | Reached XP level 2. HP: 22/22 MP: 5/5
   798 | D:1      | Reached XP level 3. HP: 25/28 MP: 4/6
   900 | D:1      | Found a faded altar of an unknown god.
  1064 | D:2      | Found Fed Cur's Magic Scroll Shoppe.
  1073 | D:2      | Bought a scroll of teleportation for 30 gold pieces
  1073 | D:2      | Bought a scroll of identify for 20 gold pieces
  1118 | D:2      | Noticed Natasha
  1128 | D:2      | Killed Natasha
  1129 | D:2      | Reached skill level 5 in Ice Magic
  1253 | D:2      | Noticed Sigmund
  1260 | D:2      | Mangled by Sigmund

Illustrated notes

Levels and vault maps discovered:
D:1:      lightli_molten_gateway, layout_basic,
          shapermc_ecumenical_altar_hornbeckon
D:2:      wad_lake_hut, layout_loops_ring, serial_shops,
          nicolae_shop_just_a_little_nook, shop, shop, uniq_natasha,
          uniq_sigmund

Skill      XL: |  1  2  3 |
---------------+----------+-----
Ice Magic      | 5 |  5.4
Dodging        | |  1.5
Stealth        | |  3.0
Spellcasting   | |  2.0

Action                     || total
---------------------------++-------
  Melee: Dagger            ||    32
   Cast: Freeze            ||    18
Ability: Spit Poison       ||     3
   Stab: Sleeping          ||     2
 Armour: Robe              ||    45
  Dodge: Dodged            ||    28

Table legend: (Time is in decaauts)
 A = Elapsed time spent in this place.
 B = Non-inter-level travel time spent in this place.
 C = Inter-level travel time spent in this place.
 D = Time resting spent in this place.
 E = Time spent auto-exploring this place.
 F = Levels seen in this place.
 G = Mean time per level.
                   A        B        C        D        E       F      G
               +--------+--------+--------+--------+--------+-----+--------+
         Total |   1629 |   1585 |     44 |     36 |   1296 |   2 |  814.5 |
       Dungeon |   1629 |   1585 |     44 |     36 |   1296 |   2 |  814.5 |
               +--------+--------+--------+--------+--------+-----+--------+

Top non-repeatable levels by time:
     D:1: 1353 daAuts
     D:2: 275 daAuts
